[Event "Titled Tuesday Blitz November 07 Early 2023"]
[White "Demin, Vladimir"]
[Black "Samunenkov, Ihor"]
[WhiteFideId "4167457"]
[BlackFideId "14187086"]
[WhiteElo "2560"]
[BlackElo "2754"]
[Result "0-1"]
[Round "7"]
[TimeControl "180+1"]
[Date "2023.11.07"]
[WhiteClock "0:00:37"]
[BlackClock "0:00:08"]
[Board "72"]

1. d4 Nf6 2. Nc3 d5 3. Bf4 e6 4. Nb5 Na6 5. e3 Be7 6. Nf3 O-O 7. Ne5 c6 8. Nc3 Nb8 9. Bd3 c5 10. dxc5 Nbd7 11. Nxd7 Nxd7 12. Bd6 Nxc5 13. Bxe7 Nxd3+ 14. Qxd3 Qxe7 15. O-O b6 16. e4 dxe4 17. Nxe4 Bb7 18. c4 Rad8 19. Qe3 f5 20. Nc3 f4 21. Qe5 Rf5 22. Qe1 f3 23. g3 Rd4 24. Rd1 Rxc4 25. Qd2 Rc8 26. Rfe1 h6 27. Qd7 Qxd7 28. Rxd7 Rf7 29. Rd6 Bd5 30. Nxd5 exd5 31. Rxd5 Rc2 32. Rb5 Re7 33. Rf1 Ree2 34. Rb3 Rxb2 35. Rxf3 Rxa2 36. h4 b5 37. Rd1 Red2 38. Rc1 Rd8 39. Rc7 Rf8 40. Re3 Rfxf2 41. Re8+ Kh7 42. h5 Rfd2 43. Re1 b4 44. Rb7 a5 45. Kf1 Rh2 46. Kg1 Rhg2+ 47. Kh1 Rh2+ 48. Kg1 Rag2+ 49. Kf1 Rh1+ 50. Kxg2 Rxe1 51. Rb5 Ra1 52. Kf3 Ra3+ 53. Kf4 b3 54. g4 a4 55. g5 hxg5+ 56. Kxg5 Ra1 57. Rb7 Rg1+ 58. Kf5 a3 0-1


[Site "https://www.chess.com"]

[Event "Titled Tuesday Blitz November 07 Early 2023"]
[White "OPQRC"]
[Black "Rosen, Eric"]
[BlackFideId "2032562"]
[WhiteElo "2557"]
[BlackElo "2742"]
[Result "1-0"]
[Round "7"]
[TimeControl "180+1"]
[Date "2023.11.07"]
[WhiteClock "0:00:07"]
[BlackClock "0:00:02"]
[Board "73"]

1. e4 c5 2. Nf3 e6 3. b3 Nc6 4. Bb5 Nd4 5. Bd3 Ne7 6. Bb2 Nec6 7. Nc3 a6 8. Nxd4 cxd4 9. Ne2 Bc5 10. O-O O-O 11. Kh1 d5 12. f4 dxe4 13. Bxe4 Qc7 14. Ng3 Rd8 15. Bxh7+ Kxh7 16. Qh5+ Kg8 17. Qxc5 Rd5 18. Qc4 b5 19. Qe2 Bb7 20. Rac1 Ne7 21. c4 bxc4 22. Rxc4 Qd6 23. Ne4 Qb6 24. Qg4 Ng6 25. d3 Rf5 26. Bxd4 Qa5 27. Nd6 Bd5 28. Nxf5 exf5 29. Qe2 Bxc4 30. dxc4 Rd8 31. Be3 Re8 32. Qf2 Qc3 33. Bd4 Qd3 34. c5 Re2 35. Qg1 Rxa2 36. c6 Rc2 37. Rc1 Nxf4 38. Rxc2 Qxc2 39. Bc5 Ne6 40. b4 Qc4 41. Qd1 Qe4 42. h3 Nf4 43. Qf3 Ne6 44. Qxe4 fxe4 45. Bd6 f5 46. c7 Nxc7 47. Bxc7 Kf7 48. Kg1 Ke6 49. Kf2 Kd5 50. Ke3 g5 51. g3 Kc4 52. h4 gxh4 53. gxh4 Kxb4 54. h5 a5 55. h6 a4 56. h7 Kb3 57. h8=Q a3 58. Ba5 f4+ 59. Kxe4 Kc2 60. Qc3+ Kb1 61. Qb3+ Kc1 62. Kd3 a2 63. Bd2# 1-0


[Site "https://www.chess.com"]

[Event "Titled Tuesday Blitz November 07 Early 2023"]
[White "Perez Gormaz, Matias"]
[Black "Vestby-Ellingsen, Mads"]
[WhiteFideId "3406342"]
[BlackFideId "1520857"]
[WhiteElo "2723"]
[BlackElo "2551"]
[Result "1/2-1/2"]
[Round "7"]
[TimeControl "180+1"]
[Date "2023.11.07"]
[WhiteClock "0:00:15"]
[BlackClock "0:00:10"]
[Board "74"]

1. d4 Nf6 2. Bf4 c5 3. d5 b5 4. e4 Nxe4 5. Qf3 Nd6 6. Bxd6 exd6 7. Bxb5 Be7 8. Ne2 O-O 9. O-O Ba6 10. a4 Bxb5 11. axb5 a6 12. Nbc3 Bf6 13. Ra4 Qb6 14. Rfa1 Ra7 15. g3 Rb7 16. bxa6 Ra7 17. Qd3 Re8 18. Ne4 Bxb2 19. Rb1 Rxa6 20. N2c3 Rxa4 21. Nxa4 Qb4 22. Nxd6 Re1+ 23. Rxe1 Qxe1+ 24. Kg2 Qb4 25. Qe2 h6 26. Qe8+ Kh7 27. Qe4+ Qxe4+ 28. Nxe4 Be5 29. Naxc5 f5 30. Nd3 Bd4 31. Nd6 Kg6 32. c4 Na6 33. Kf3 Kf6 34. Ne8+ Kf7 35. Nd6+ Kf6 36. h4 g5 37. hxg5+ hxg5 38. Ke2 Bc5 39. Nb5 Bb6 40. Nc3 Bd4 41. Nb5 Bb6 42. Nc3 Bd4 43. Nd1 d6 44. Ne3 Bb6 45. Nc2 Ba7 46. Ncb4 Nb8 47. Nc6 Nxc6 48. dxc6 Bb6 49. Nb4 Ke6 50. Nd5 Bc5 51. f3 g4 52. fxg4 fxg4 53. c7 Kd7 54. Kf1 Bd4 55. Ke2 Bc5 56. Nf6+ Kxc7 57. Nxg4 Kd7 58. Nf6+ Ke6 59. Nd5 Kf5 60. Kf3 Kg5 61. g4 Ba7 62. Nf4 Kf6 63. Ke4 Kg5 64. Kf3 Kf6 65. Nd5+ Kg5 66. Nc3 Kf6 67. Ne4+ Ke5 68. g5 Kf5 69. Nxd6+ Kxg5 70. Ke4 Kf6 71. Kd5 Bg1 72. Nc8 Kf7 73. Nd6+ Ke7 74. Nf5+ Kd7 75. Nh6 Kc7 76. Ng4 Ba7 77. Nf6 Bg1 78. Ne4 Kb6 79. Nc3 Kc7 80. Nb5+ Kb6 81. Nc3 Bf2 82. Ne2 Be3 83. Ng3 Bf2 84. Ne4 Bg1 85. Nd2 Be3 86. Nb3 Bg1 87. Ke4 Kc6 88. Kd3 Bf2 89. Kc3 Bg1 90. Kb4 Bf2 91. Na5+ Kb6 92. Nb3 Be1+ 93. Ka3 Kc6 94. Kb2 Bf2 95. Kc2 Bg1 96. Kd3 Bf2 97. Ke4 Bg1 98. Kf3 Ba7 99. Ke4 Bb6 100. Nc1 Kc5 101. Kd3 Kc6 102. Kc3 Ba5+ 103. Kd3 Bb6 104. Nb3 Bc7 105. Nd4+ Kb6 106. Nf5 Kc6 107. Kd4 Bb6+ 108. Kd3 Bc5 109. Nh4 Bg1 110. Nf3 Ba7 111. Ne5+ Kd6 112. Ke4 Kc5 113. Kd3 Kd6 114. Nf3 Kc6 115. Nd2 Bb6 116. Kc3 Ba5+ 117. Kd3 Bxd2 118. Kxd2 Kc5 119. Kc1 Kxc4 1/2-1/2


[Site "https://www.chess.com"]

[Event "Titled Tuesday Blitz November 07 Early 2023"]
[White "Iskusnyh, Sergei"]
[Black "Socko, Bartosz"]
[WhiteFideId "4120027"]
[BlackFideId "1107038"]
[WhiteElo "2546"]
[BlackElo "2720"]
[Result "0-1"]
[Round "7"]
[TimeControl "180+1"]
[Date "2023.11.07"]
[WhiteClock "0:00:00"]
[BlackClock "0:00:09"]
[Board "75"]

1. d4 Nf6 2. c4 g6 3. g3 Bg7 4. Bg2 O-O 5. Nc3 d6 6. Nf3 Bf5 7. O-O Ne4 8. Nxe4 Bxe4 9. e3 c5 10. b3 Nc6 11. Bb2 Qa5 12. Ne1 Bxg2 13. Nxg2 Rad8 14. Nf4 e6 15. Re1 b5 16. cxb5 Qxb5 17. Ne2 d5 18. Rc1 cxd4 19. Nxd4 Nxd4 20. Bxd4 Qa6 21. Bxg7 Kxg7 22. Qd4+ Kg8 23. a4 Rc8 24. h4 h5 25. e4 dxe4 26. Qxe4 Qa5 27. Qb7 Rc5 28. Rxc5 Qxc5 29. Rd1 a5 30. Qf3 Qc7 31. Rd3 Rc8 32. Kg2 Kg7 33. Rd2 Rb8 34. Rd4 Rb6 35. Rc4 Qe5 36. Rc8 Rb4 37. Rc3 Qb8 38. Rd3 Qc8 39. Rc3 Qd7 40. Rd3 Qc7 41. Rc3 Qe5 42. Re3 Qb2 43. Rc3 Qa1 44. Rc7 Qf6 45. Qxf6+ Kxf6 46. Ra7 Rxb3 47. Rxa5 Ra3 48. Ra7 e5 49. a5 Ke6 50. Kf1 Ra2 51. Ra8 Kf5 52. a6 e4 53. Ra7 f6 54. Ra8 Kg4 55. Re8 Kf3 56. Kg1 Rxa6 57. Re7 f5 58. Re8 Ra1+ 0-1


[Site "https://www.chess.com"]

[Event "Titled Tuesday Blitz November 07 Early 2023"]
[White "Goltseva, Ekaterina"]
[Black "Atakhan, Abtin"]
[WhiteFideId "24173770"]
[BlackFideId "22502203"]
[WhiteElo "2546"]
[BlackElo "2713"]
[Result "0-1"]
[Round "7"]
[TimeControl "180+1"]
[Date "2023.11.07"]
[WhiteClock "0:00:28"]
[BlackClock "0:00:56"]
[Board "76"]

1. c4 g6 2. Nc3 c5 3. d4 cxd4 4. Qxd4 Nf6 5. e4 Nc6 6. Qd1 Bg7 7. Nf3 O-O 8. Be2 d6 9. O-O Bg4 10. Be3 Rc8 11. b3 Qa5 12. Rc1 a6 13. Qd2 Nd7 14. Nd5 Qxd2 15. Bxd2 Nc5 16. h3 Bxf3 17. gxf3 Ne6 18. f4 Ned4 19. Bd3 Nf3+ 20. Kg2 Nxd2 21. Rfd1 Bh6 22. Rxd2 e6 23. Nf6+ Kg7 24. Nd7 Bxf4 25. Nxf8 Bxd2 26. Rd1 Ba5 27. Nd7 Rd8 28. a3 Rxd7 29. b4 Bb6 30. f4 g5 31. Kf3 gxf4 32. Kxf4 Bd4 33. Be2 Rd8 34. Bh5 a5 35. b5 Ne7 36. Kf3 e5 37. Ke2 Ng6 38. Bxg6 hxg6 39. Rf1 Rh8 40. Rf3 Rh4 41. Kd3 f5 42. Rg3 fxe4+ 43. Ke2 Rf4 44. a4 Rf2+ 45. Ke1 e3 46. h4 Ra2 47. h5 Bc3+ 0-1


[Site "https://www.chess.com"]

[Event "Titled Tuesday Blitz November 07 Early 2023"]
[White "Shukhman, Anna"]
[Black "Wagner, Dennis"]
[WhiteFideId "54180058"]
[BlackFideId "24650684"]
[WhiteElo "2537"]
[BlackElo "2713"]
[Result "0-1"]
[Round "7"]
[TimeControl "180+1"]
[Date "2023.11.07"]
[WhiteClock "0:00:24"]
[BlackClock "0:00:32"]
[Board "77"]

1. e4 c5 2. Nf3 d6 3. d4 cxd4 4. Nxd4 Nf6 5. Nc3 a6 6. h3 e5 7. Nf3 Be7 8. g4 h6 9. Rg1 b5 10. a3 Bb7 11. Bd3 Nbd7 12. g5 hxg5 13. Nxg5 Nc5 14. Be3 Qd7 15. Qe2 Nxd3+ 16. Qxd3 d5 17. exd5 Nxd5 18. O-O-O Nf6 19. Qxd7+ Nxd7 20. Nxf7 Kxf7 21. Rxd7 Bc6 22. Rc7 Rhc8 23. Rxc8 Rxc8 24. f4 exf4 25. Bxf4 a5 26. Ne2 Bf6 27. Bg5 Be4 28. c3 b4 29. Bxf6 gxf6 30. axb4 axb4 31. Kd2 f5 32. Nf4 bxc3+ 33. bxc3 Kf6 34. h4 Ke5 35. Ng6+ Kf6 36. h5 Rd8+ 37. Ke2 Rd3 38. Nf4 Rxc3 39. h6 Rc2+ 40. Ke3 Rh2 41. Rg6+ Kf7 42. Rb6 Rh4 43. Rb7+ Bxb7 0-1


[Site "https://www.chess.com"]

[Event "Titled Tuesday Blitz November 07 Early 2023"]
[White "Manukian, Artak"]
[Black "Martinez Ramirez, Lennis"]
[WhiteFideId "13301373"]
[BlackFideId "3509079"]
[WhiteElo "2530"]
[BlackElo "2712"]
[Result "0-1"]
[Round "7"]
[TimeControl "180+1"]
[Date "2023.11.07"]
[WhiteClock "0:00:19"]
[BlackClock "0:00:25"]
[Board "78"]

1. e4 e5 2. Nf3 Nc6 3. d4 exd4 4. Nxd4 Nf6 5. Nxc6 bxc6 6. e5 Qe7 7. Qe2 Nd5 8. c4 Nb6 9. b3 g6 10. g3 Bg7 11. Bb2 O-O 12. Bg2 Re8 13. O-O Bxe5 14. Nc3 Bb7 15. Rfe1 f5 16. Nd5 cxd5 17. Qxe5 Qxe5 18. Bxe5 d6 19. Bd4 c5 20. Be3 Rab8 21. Bf4 Rxe1+ 22. Rxe1 Rd8 23. a4 Kf7 24. a5 Nc8 25. cxd5 Re8 26. Re6 Ba6 27. Re3 Rxe3 28. fxe3 Bd3 29. Kf2 Bc2 30. e4 fxe4 31. Ke3 Ne7 32. Bxd6 Nf5+ 33. Kd2 Nxd6 34. Kxc2 Kf6 35. Bf1 Ke5 36. Bc4 Kd4 37. Kd2 g5 38. Ke2 h5 39. Kd2 h4 40. gxh4 gxh4 41. Ke2 Nf5 42. Kd2 Nd6 43. Ke2 Ke5 44. Ke3 Nf5+ 45. Ke2 Nd4+ 46. Ke3 Nf3 47. h3 Ng5 48. d6 Kxd6 49. Kf4 Nxh3+ 50. Kxe4 Ng5+ 51. Kf5 h3 52. Bf1 h2 53. Bg2 Nh3 54. Ke4 h1=Q 55. Bxh1 Nf2+ 56. Kf3 Nxh1 57. Kg2 Kc6 58. Kxh1 Kb5 59. Kg2 Kxa5 60. Kf3 Kb4 61. Ke4 Kxb3 62. Kd5 c4 63. Kc5 c3 0-1


[Site "https://www.chess.com"]

[Event "Titled Tuesday Blitz November 07 Early 2023"]
[White "Ronka, Erik"]
[Black "MKlose11"]
[WhiteFideId "505080"]
[WhiteElo "2528"]
[BlackElo "2705"]
[Result "0-1"]
[Round "7"]
[TimeControl "180+1"]
[Date "2023.11.07"]
[WhiteClock "0:00:03"]
[BlackClock "0:00:45"]
[Board "79"]

1. e4 e6 2. d4 d5 3. Nc3 Bb4 4. e5 Ne7 5. a3 Bxc3+ 6. bxc3 b6 7. Qg4 Ng6 8. h4 h5 9. Qd1 Ba6 10. Bxa6 Nxa6 11. Bg5 Qd7 12. Ne2 Nb8 13. Ng3 Qc6 14. Qd2 Nd7 15. f4 f6 16. f5 Ne7 17. exf6 gxf6 18. Be3 e5 19. O-O O-O-O 20. a4 Rdg8 21. Qf2 Rg4 22. a5 Rxh4 23. axb6 axb6 24. dxe5 Nxe5 25. Bd4 Nc4 26. Rfe1 Rh7 27. Re6 Qd7 28. Bxf6 Rg4 29. Bxe7 Rxe7 30. Rae1 Rf7 31. Nxh5 Rg5 32. Nf6 Qb5 33. Qf3 Qc5+ 34. Qf2 Qxf2+ 35. Kxf2 Rxf5+ 36. Kg3 R5xf6 37. Re8+ Kb7 38. Kh4 Nd6 39. R8e7 Rxe7 40. Rxe7 Rf2 41. Kg5 Rxg2+ 0-1


[Site "https://www.chess.com"]

[Event "Titled Tuesday Blitz November 07 Early 2023"]
[White "Nasuta, Grzegorz"]
[Black "Kostiukov, Alexandr"]
[WhiteFideId "1141686"]
[BlackFideId "14108100"]
[WhiteElo "2681"]
[BlackElo "2459"]
[Result "0-1"]
[Round "7"]
[TimeControl "180+1"]
[Date "2023.11.07"]
[WhiteClock "0:00:00"]
[BlackClock "0:00:31"]
[Board "80"]

1. e4 c5 2. Nf3 g6 3. d4 cxd4 4. Qxd4 Nf6 5. Nc3 Nc6 6. Qa4 d6 7. e5 dxe5 8. Nxe5 Bg7 9. Bb5 O-O 10. Nxc6 bxc6 11. Bxc6 Rb8 12. O-O Bf5 13. Qxa7 Bxc2 14. Bf3 Qd6 15. Re1 h5 16. h3 e5 17. Qe3 Rfe8 18. Bd1 Bd3 19. Ba4 Re7 20. Rd1 e4 21. Bb5 Rd8 22. a4 Qb4 23. Qe1 Ra7 24. Be3 Raa8 25. Rd2 Nd5 26. Nxd5 Rxd5 27. Bc6 Raa5 28. Bxd5 Rxd5 29. a5 Rxa5 30. Rxa5 Qxa5 31. Rd1 Qb5 32. Qd2 Bxb2 33. Bf4 Bd4 34. Be3 Be5 35. Rc1 Kg7 0-1


[Site "https://www.chess.com"]

[Event "Titled Tuesday Blitz November 07 Early 2023"]
[White "ExchangeAB"]
[Black "Mgeladze, Tamaz"]
[BlackFideId "13601202"]
[WhiteElo "2446"]
[BlackElo "2672"]
[Result "1/2-1/2"]
[Round "7"]
[TimeControl "180+1"]
[Date "2023.11.07"]
[WhiteClock "0:01:05"]
[BlackClock "0:00:16"]
[Board "81"]

1. Nf3 Nf6 2. e3 g6 3. b3 Bg7 4. Bb2 O-O 5. Be2 c5 6. O-O Nc6 7. d3 b5 8. c4 b4 9. d4 cxd4 10. Nxd4 Bb7 11. Bf3 Rc8 12. Nxc6 Bxc6 13. Nd2 a5 14. Qc2 Qb6 15. a4 Qb7 16. Bxc6 dxc6 17. Rad1 Rfd8 18. Bxf6 Bxf6 19. Ne4 Qc7 20. Nxf6+ exf6 21. Rxd8+ Rxd8 22. Rd1 Kg7 23. g3 Rxd1+ 24. Qxd1 Qe5 25. h4 h5 26. Kf1 Qe4 27. Ke2 c5 28. Qd3 Qg4+ 29. Ke1 Qf3 30. Qe2 Qe4 31. Qd1 Kh6 32. Ke2 g5 33. hxg5+ fxg5 34. Qd6+ Kg7 35. Qxc5 Qc2+ 36. Kf1 Qxb3 37. Qxg5+ Kf8 38. Qc5+ Kg7 39. Qxa5 Qd3+ 40. Kg2 b3 41. Qg5+ Qg6 42. Qb5 Qc2 43. Qe5+ Kg6 44. Qd6+ Kg7 45. Qe5+ Kh7 46. Qf6 Qg6 47. Qb2 Qe4+ 48. Kg1 Qc2 49. Qf6 Qg6 50. Qc3 Qb1+ 51. Kh2 b2 52. Qf6 Kg8 53. Qd8+ Kg7 54. Qd4+ Kg6 55. Qd6+ f6 56. Qb8 Qc1 57. Qg8+ Kf5 58. Qd5+ Kg6 59. Qg8+ Kh6 60. Qh8+ Kg5 61. Qg8+ Kf5 62. Qd5+ Kg6 63. Qg8+ 1/2-1/2


[Site "https://www.chess.com"]

[Event "Titled Tuesday Blitz November 07 Early 2023"]
[White "Muhammad Shahzeb"]
[Black "Shuvalova, Polina"]
[WhiteFideId "7804806"]
[BlackFideId "24171760"]
[WhiteElo "2415"]
[BlackElo "2657"]
[Result "0-1"]
[Round "7"]
[TimeControl "180+1"]
[Date "2023.11.07"]
[WhiteClock "0:00:15"]
[BlackClock "0:00:12"]
[Board "82"]

1. e4 c6 2. d4 d5 3. exd5 cxd5 4. c4 Nf6 5. Nc3 Nc6 6. Nf3 g6 7. c5 Bg4 8. Bb5 Bg7 9. Qa4 O-O 10. Bxc6 Bxf3 11. Bxb7 Bxg2 12. Rg1 Bh3 13. Bxa8 Qxa8 14. Be3 Bf5 15. b4 a6 16. b5 axb5 17. Qxa8 Rxa8 18. Nxb5 Bd7 19. Nc3 e6 20. a4 Ne4 21. Nxe4 dxe4 22. a5 Bb5 23. Kd2 f5 24. Rgb1 Bd3 25. Rb3 f4 26. c6 fxe3+ 27. fxe3 Bf8 28. c7 Bd6 29. Rb8+ Rxb8 30. cxb8=Q+ Bxb8 31. a6 Ba7 32. Ra3 Kf7 33. Rb3 Bxa6 34. Ra3 Bb8 35. Rxa6 Bxh2 36. Ke2 h5 37. Ra2 Kf6 38. Kf2 g5 39. Ra5 h4 40. Kg2 Bg3 41. Kh3 Bf2 42. Ra3 Kf5 43. Ra5+ Kg6 44. Ra3 Kh5 45. Ra5 Bxe3 46. Re5 Bxd4 47. Rxe4 Bf6 48. Rxe6 g4+ 49. Kg2 Kg5 50. Re4 Kf5 51. Rb4 Be5 52. Rb5 Kf4 53. Rb4+ Kf5 54. Rb5 h3+ 55. Kf2 Kf4 56. Rb4+ Kg5 57. Rc4 Kf5 58. Rc5 Kf4 59. Rc4+ Kg5 60. Rc5 Kf6 61. Rb5 Bf4 62. Rb4 Kg5 63. Rb5+ Kh4 64. Rb4 Bd6 65. Rc4 Be5 66. Re4 Bg3+ 67. Kg1 Bd6 68. Kf2 Kg5 69. Rc4 g3+ 70. Kg1 Bf4 71. Rc5+ Kg4 72. Rc4 Kf3 73. Rc3+ Be3+ 74. Kh1 g2+ 75. Kh2 g1=Q+ 76. Kxh3 Qg3# 0-1


[Site "https://www.chess.com"]

[Event "Titled Tuesday Blitz November 07 Early 2023"]
[White "Marchesich, Giovanni"]
[Black "Kuzhylnyi, Oleksandr"]
[WhiteFideId "2824790"]
[BlackFideId "34110500"]
[WhiteElo "2388"]
[BlackElo "2636"]
[Result "1-0"]
[Round "7"]
[TimeControl "180+1"]
[Date "2023.11.07"]
[WhiteClock "0:00:28"]
[BlackClock "0:00:08"]
[Board "83"]

1. d4 g6 2. Nc3 Bg7 3. Bf4 d6 4. e4 a6 5. Nf3 b5 6. Bd3 Nd7 7. O-O c5 8. dxc5 Nxc5 9. e5 Nxd3 10. Qxd3 Bf5 11. Qd5 dxe5 12. Qxd8+ Rxd8 13. Nxe5 f6 14. Nc6 Rc8 15. Nd4 Bd7 16. Rfe1 e5 17. Bg3 Ne7 18. Rad1 Kf7 19. Nb3 Rhd8 20. Ne4 Nf5 21. Nbc5 Bc6 22. c3 Bf8 23. Nd3 Nxg3 24. hxg3 Rd7 25. Ndc5 Rd5 26. Rxd5 Bxd5 27. Rd1 Bxe4 28. Nxe4 Ke6 29. a3 Be7 30. g4 f5 31. gxf5+ gxf5 32. Ng3 a5 33. Kf1 b4 34. cxb4 axb4 35. axb4 Rc2 36. Ra1 f4 37. Ra6+ Kd5 38. Ra5+ Ke6 39. Ra6+ Kd5 40. Ra5+ Kd4 41. Nf5+ Kd3 42. Rd5+ Ke4 43. Nxe7 Rc7 44. f3+ Ke3 45. Nf5# 1-0


[Site "https://www.chess.com"]

[Event "Titled Tuesday Blitz November 07 Early 2023"]
[White "Samarth J Rao"]
[Black "FoxOnTheRun97"]
[WhiteFideId "46652370"]
[WhiteElo "2083"]
[BlackElo "2621"]
[Result "0-1"]
[Round "7"]
[TimeControl "180+1"]
[Date "2023.11.07"]
[WhiteClock "0:00:00"]
[BlackClock "0:00:15"]
[Board "84"]

1. e4 c6 2. d4 d5 3. Nc3 dxe4 4. Nxe4 Bf5 5. Ng3 Bg6 6. Nf3 Nd7 7. h4 h6 8. h5 Bh7 9. Bd3 Bxd3 10. Qxd3 e6 11. Bd2 Ngf6 12. O-O-O Be7 13. Kb1 a5 14. Ne4 Nxe4 15. Qxe4 Nf6 16. Qe2 Qd5 17. Be3 Ng4 18. Nd2 Nxe3 19. fxe3 a4 20. c4 Qd7 21. Qg4 O-O 22. Nf3 a3 23. Ne5 Qc7 24. b3 c5 25. Qe4 b5 26. cxb5 cxd4 27. exd4 Qc3 28. Qc2 Qg3 29. Rh3 Qg5 30. Nc6 Bf6 31. b6 Qb5 32. Qc5 Qe2 33. Qc2 Qa6 34. g4 Qxb6 35. Rc3 Qb5 36. Rc4 Ra6 37. Rf1 Rxc6 38. Rxf6 Rxc4 0-1


[Site "https://www.chess.com"]

[Event "Titled Tuesday Blitz November 07 Early 2023"]
[White "Zaksaite, Salomeja"]
[Black "Shimanov, Aleksandr"]
[WhiteFideId "12801496"]
[BlackFideId "4198603"]
[WhiteElo "2343"]
[BlackElo "2939"]
[Result "0-1"]
[Round "7"]
[TimeControl "180+1"]
[Date "2023.11.07"]
[WhiteClock "0:00:03"]
[BlackClock "0:01:22"]
[Board "85"]

1. e4 d5 2. exd5 Qxd5 3. Nc3 Qe5+ 4. Qe2 Qxe2+ 5. Bxe2 Nf6 6. d4 Bf5 7. Nb5 Na6 8. Bf4 c6 9. Na3 e6 10. O-O-O Bxa3 11. bxa3 Nd5 12. Be3 Nc3 13. Bc4 Nxd1 14. Kxd1 O-O-O 15. Bxa6 bxa6 16. Kc1 Be4 17. f3 Bd5 18. Kb2 Kd7 19. Ne2 Rb8+ 20. Ka1 Rb7 21. Nf4 Rhb8 22. Nd3 Ke8 23. Rc1 f6 24. Bf4 e5 25. dxe5 fxe5 26. Bxe5 Rd8 27. Re1 Re7 28. Rg1 Bc4 29. f4 Bxd3 30. cxd3 Rxd3 31. Rb1 Red7 32. Rb8+ Kf7 33. Rh8 Rb7 0-1


[Site "https://www.chess.com"]

[Event "Titled Tuesday Blitz November 07 Early 2023"]
[White "BardArtem"]
[Black "HeroRubiksCube"]
[WhiteElo "2791"]
[BlackElo "2518"]
[Result "1-0"]
[Round "7"]
[TimeControl "180+1"]
[Date "2023.11.07"]
[WhiteClock "0:01:34"]
[BlackClock "0:00:45"]
[Board "86"]

1. e4 d5 2. exd5 Nf6 3. Bb5+ Nbd7 4. d4 g6 5. Nf3 Bg7 6. O-O O-O 7. Re1 Nxd5 8. Bf1 c6 9. c4 N5f6 10. Nc3 Re8 11. Bf4 Nf8 12. h3 b6 13. Qd2 Bb7 14. Rad1 Qc8 15. Ne5 c5 16. d5 N8d7 17. Be2 Nxe5 18. Bxe5 Nd7 19. Bxg7 Kxg7 20. Bg4 Qd8 21. Bxd7 Qxd7 22. Qf4 Rad8 23. Ne4 h6 24. Re3 Qf5 25. Qxf5 gxf5 26. Ng3 e6 27. Rde1 Bc8 28. Nxf5+ Kg6 29. Ng3 f5 30. f4 b5 31. b3 bxc4 32. bxc4 Re7 33. Re5 Kf6 34. Nxf5 Rb7 35. dxe6 1-0


[Site "https://www.chess.com"]

[Event "Titled Tuesday Blitz November 07 Early 2023"]
[White "Seletsky, Grigory"]
[Black "Mekhitarian, Krikor Sevag"]
[WhiteFideId "14112191"]
[BlackFideId "2107660"]
[WhiteElo "2517"]
[BlackElo "2762"]
[Result "0-1"]
[Round "7"]
[TimeControl "180+1"]
[Date "2023.11.07"]
[WhiteClock "0:00:01"]
[BlackClock "0:00:04"]
[Board "87"]

1. Nf3 d5 2. b3 Nf6 3. Bb2 g6 4. Bxf6 exf6 5. d4 Bg7 6. e3 O-O 7. g3 c6 8. Bg2 Re8 9. O-O Nd7 10. c3 f5 11. Nbd2 Nf6 12. Rc1 Ne4 13. c4 Be6 14. cxd5 Bxd5 15. Nxe4 fxe4 16. Nd2 f5 17. Qc2 a5 18. a4 h5 19. Nc4 h4 20. Qc3 Bf6 21. Rfd1 Qc7 22. b4 axb4 23. Qxb4 Kg7 24. Nb6 Rad8 25. Nxd5 Rxd5 26. Rb1 Re7 27. Qb6 Qxb6 28. Rxb6 c5 29. Rdb1 cxd4 30. exd4 Rxd4 31. Rxb7 Rxb7 32. Rxb7+ Kh6 33. a5 Rd2 34. Rb1 Bd4 35. Rf1 Kg5 36. Bh3 Ra2 37. Kg2 e3 38. Kf3 exf2 39. Rd1 Bc5 40. Bf1 hxg3 41. hxg3 Rxa5 42. Kg2 Ra3 43. Rd3 Ra2 44. Rc3 Bd4 45. Rd3 Ra4 46. Kf3 Kf6 47. Kg2 Rb4 48. Ra3 Ke5 49. Kf3 Bc5 50. Ra5 Rb3+ 51. Kg2 Rc3 52. Ra4 g5 53. Rc4 Rxc4 54. Bxc4 Be3 55. Be2 g4 56. Bd3 Kf6 57. Kf1 Bb6 58. Kg2 Bc5 59. Bf1 Ke6 60. Bd3 Ke5 61. Bc2 Bb6 62. Bd3 Ba7 63. Bc2 Be3 64. Bd3 Bd2 65. Kf1 Be1 66. Kg2 Kf6 67. Bf1 Ke6 68. Bd3 Ke5 69. Bc2 f1=Q+ 70. Kxf1 Bxg3 71. Kg2 Bf4 72. Bd1 Be3 73. Be2 Kf4 74. Bd1 Bd4 75. Be2 Bf6 76. Bd1 Ke3 77. Be2 Kxe2 0-1


[Site "https://www.chess.com"]

[Event "Titled Tuesday Blitz November 07 Early 2023"]
[White "Hayrapetyan, Hovik"]
[Black "Tifferet, Shaked"]
[WhiteFideId "13302639"]
[BlackFideId "2811529"]
[WhiteElo "2761"]
[BlackElo "2516"]
[Result "1-0"]
[Round "7"]
[TimeControl "180+1"]
[Date "2023.11.07"]
[WhiteClock "0:01:24"]
[BlackClock "0:02:03"]
[Board "88"]

1. d4 e6 2. c4 b6 3. Nc3 Bb7 4. e4 Bb4 5. Bd3 Ne7 6. Ne2 d6 7. Qa4+ Nbc6 8. d5 Bxc3+ 9. Nxc3 b5 10. Qxb5 Rb8 11. dxc6 Bxc6 12. Qg5 h6 13. Qxg7 Rg8 14. Qxh6 Rxg2 15. Bg5 Rxb2 16. Qh8+ Kd7 17. Qxd8+ Kxd8 18. Be3 f5 19. O-O-O Rb4 20. h4 fxe4 21. Nxe4 Bxe4 22. Bxe4 Rxc4+ 23. Bc2 Nd5 24. Rd2 Nb4 25. h5 Rh4 26. Rxh4 1-0


[Site "https://www.chess.com"]

[Event "Titled Tuesday Blitz November 07 Early 2023"]
[White "Saydaliev, Saidakbar"]
[Black "Bilan, Danila"]
[WhiteFideId "14203693"]
[BlackFideId "24161918"]
[WhiteElo "2757"]
[BlackElo "2513"]
[Result "1-0"]
[Round "7"]
[TimeControl "180+1"]
[Date "2023.11.07"]
[WhiteClock "0:00:36"]
[BlackClock "0:00:11"]
[Board "89"]

1. e4 c6 2. Nf3 d5 3. Nc3 Bg4 4. h3 Bxf3 5. Qxf3 e6 6. Be2 Nd7 7. O-O Ngf6 8. d4 dxe4 9. Nxe4 Nxe4 10. Qxe4 Be7 11. Bf3 Bg5 12. Qg4 Bf6 13. Bf4 O-O 14. c3 Re8 15. Rad1 Qa5 16. a3 Rad8 17. Rfe1 g6 18. Qg3 Qb5 19. Rd2 Nb6 20. Be2 Qa4 21. Bd1 Qb5 22. b3 Qa5 23. a4 Nd5 24. b4 Qa6 25. Bb3 Nxf4 26. Qxf4 Bg7 27. h4 Qb6 28. h5 e5 29. Qxf7+ Kh8 30. hxg6 Rf8 31. Qe6 exd4 32. Qh3 h6 33. Re7 dxc3 34. Qxh6+ Bxh6 35. Rh7# 1-0


[Site "https://www.chess.com"]

[Event "Titled Tuesday Blitz November 07 Early 2023"]
[White "Pakleza, Zbigniew"]
[Black "arenal72"]
[WhiteFideId "1119290"]
[WhiteElo "2750"]
[BlackElo "2512"]
[Result "0-1"]
[Round "7"]
[TimeControl "180+1"]
[Date "2023.11.07"]
[WhiteClock "0:00:00"]
[BlackClock "0:00:03"]
[Board "90"]

1. e4 Nc6 2. f4 d5 3. d3 dxe4 4. dxe4 Qxd1+ 5. Kxd1 f5 6. e5 g5 7. Nf3 gxf4 8. Bxf4 Bh6 9. g3 Be6 10. Nbd2 O-O-O 11. c3 Bd5 12. Ke2 e6 13. Rg1 Bxf4 14. gxf4 Nge7 15. Bg2 h6 16. Ke3 Rhg8 17. c4 Bxf3 18. Nxf3 Nb4 19. Kf2 Nd3+ 20. Ke3 Nxb2 21. Rac1 c5 22. Ne1 Rd4 23. Bxb7+ Kxb7 24. Rxg8 Nxg8 25. Rb1 Re4+ 26. Kd2 Kc7 27. Rxb2 Rxf4 28. Kc3 Ne7 29. Nd3 Rf3 30. Rb5 Nc6 31. Kd2 a6 32. Rb1 Rxd3+ 33. Kxd3 Nxe5+ 34. Kc3 Nc6 35. Rg1 Nd4 36. Rg6 f4 37. Rxh6 f3 38. Rf6 Kd6 39. Kd3 Ke7 40. Rf4 e5 41. Rxd4 exd4 42. Ke4 f2 0-1


[Site "https://www.chess.com"]

[Event "Titled Tuesday Blitz November 07 Early 2023"]
[White "Ahmad, Khagan"]
[Black "Hambleton, Aman"]
[WhiteFideId "13431552"]
[BlackFideId "2606577"]
[WhiteElo "2511"]
[BlackElo "2738"]
[Result "0-1"]
[Round "7"]
[TimeControl "180+1"]
[Date "2023.11.07"]
[WhiteClock "0:00:00"]
[BlackClock "0:00:03"]
[Board "91"]

1. Nf3 b6 2. c4 Bb7 3. Nc3 c5 4. g3 Bxf3 5. exf3 Nc6 6. Bg2 g6 7. f4 Bg7 8. O-O Nh6 9. d3 Nf5 10. Be3 h5 11. h4 Rc8 12. Rb1 d6 13. Be4 Qd7 14. Ne2 Ncd4 15. b4 O-O 16. Nxd4 Nxd4 17. b5 e6 18. Bxd4 Bxd4 19. f5 exf5 20. Bd5 f4 21. Kg2 fxg3 22. fxg3 Kg7 23. Qf3 f5 24. Rbe1 Be5 25. Qe3 Kh7 26. Qg5 Qg7 27. a4 Rce8 28. a5 bxa5 29. Re2 Bf6 30. Qd2 Bc3 31. Qc2 Bd4 32. Bc6 Re5 33. Rxe5 dxe5 34. Qe2 Qc7 35. Qa2 e4 36. dxe4 f4 37. gxf4 Rxf4 38. Qe2 Rxf1 39. Qxf1 a4 0-1


[Site "https://www.chess.com"]